AoeStats
← ErickthrsherSK8

Lombardia

509769739Analyzed
2v2 RM · 4d ago on Sep 28, 2026· 69m 35s· 4 players
Game mode
Random Map
Map size
Medium (4 player)
Population
200
Speed
Normal
Resources
Standard
Victory
Conquest
Starting age
Dark Age
Ending age
Imperial Age
RankedLock teamsTeams togetherTeam positionsShared explorationLock speedFull tech treeHidden civsTurbo modeCheats
Victory
Defeat
🇨🇱 Chinese · Chile
653
+17
🇨🇱 Bengalis · Chile
607
+19
🇲🇽 Mongols · Mexico
674
-18
🇺🇸 Hindustanis · United States
669
-18
ErickthrsherSK8
3:19 Loom
11:47 Feudal Age
13:36 Double-Bit Axe
24:23 Castle Age
27:10 Husbandry
27:54 Padded Archer Armor
29:38 Horse Collar
31:43 Wheelbarrow
31:56 Leather Archer Armor
31:31 Fletching
33:19 Light Cavalry
34:27 Scale Mail Armor
34:34 Scale Barding Armor
36:11 Gold Mining
40:49 Town Watch
41:47 Town Patrol
44:09 Bodkin Arrow
45:31 Heavy Plow
51:10 Gold Shaft Mining
54:11 Imperial Age
52:13 Guard Tower
52:46 Chain Mail Armor
52:44 Forging
56:53 Conscription
59:01 Chemistry
60:26 Sappers
61:00 Elite Fire Lancer
62:15 Squires
61:35 Pikeman
64:12 Great Wall
65:14 Stone Mining
67:34 Arson
diego.garatec
11:52 Feudal Age
17:01 Double-Bit Axe
24:24 Castle Age
33:26 Crossbowman
35:20 Fletching
44:10 Imperial Age
48:22 Elite Skirmisher
49:11 Arbalester
51:37 Bodkin Arrow
60:10 Onager
67:17 Pikeman
Toromax
6:57 Loom
9:45 Feudal Age
10:36 Double-Bit Axe
12:35 Gold Mining
14:31 Horse Collar
16:28 Arson
17:46 Man-at-Arms
22:32 Castle Age
21:25 Forging
21:09 Fletching
22:41 Scale Mail Armor
26:38 Stone Mining
27:24 Gold Shaft Mining
27:29 Iron Casting
27:21 Squires
27:52 Thumb Ring
27:09 Crossbowman
27:11 Elite Skirmisher
28:10 Pikeman
29:11 Chain Mail Armor
28:56 Bodkin Arrow
29:10 Heavy Plow
29:23 Bow Saw
30:36 Murder Holes
35:41 Wheelbarrow
34:52 Town Watch
35:19 Padded Archer Armor
39:48 Hand Cart
39:34 Town Patrol
45:31 Imperial Age
44:48 Leather Archer Armor
51:16 Blast Furnace
51:14 Caravan
52:52 Conscription
53:12 Hoardings
52:46 Light Cavalry
53:36 Bloodlines
53:27 Husbandry
57:00 Hussar
61:14 Scale Barding Armor
61:39 Ring Archer Armor
Chilisky
0:42 Loom
13:56 Feudal Age
14:00 Man-at-Arms
14:36 Double-Bit Axe
15:06 Arson
15:32 Horse Collar
19:06 Wheelbarrow
21:27 Gold Mining
24:11 Stone Mining
26:59 Forging
28:35 Scale Mail Armor
29:02 Town Watch
32:15 Castle Age
32:28 Fletching
32:22 Pikeman
33:03 Squires
34:09 Stone Shaft Mining
33:59 Heavy Plow
34:15 Bow Saw
35:41 Gold Shaft Mining
35:59 Murder Holes
37:32 Iron Casting
37:00 Light Cavalry
38:03 Chain Mail Armor
38:16 Hand Cart
39:16 Bloodlines
39:57 Husbandry
39:59 Long Swordsman
41:35 Town Patrol
41:48 Scale Barding Armor
44:39 Chain Barding Armor
64:40 Imperial Age
Connection lost

Rejoining the realm…

Still unreachable

The connection could not be restored.

Session expired

The server has moved on; the page needs a fresh start.